Description

Evolutiion

Replay - 16-Bit LE (16)

Build Order

Get SALT Encoding   

  12  0:05  SCV  
  13  0:22  SCV  
  13  0:25  Supply Depot  
  14  0:34  SCV  
  15  0:47  SCV  
  15  0:49  Barracks  
  16  0:50  Refinery  
  16  0:59  SCV  
  17  1:11  SCV  
  18  1:23  SCV  
  19  1:36  Reaper  
  19  1:37  Orbital Command  
  20  1:50  Command Center  
  20  1:56  Supply Depot  
  20  2:03  Refinery  
  20  2:04  SCV  
  21  2:09  Barracks Reactor  
  21  2:18  SCV  
  22  2:30  SCV  
  23  2:40  Factory  
  25  3:15  Engineering Bay x2, Orbital Command  
  26  3:50  Factory Reactor  
  26  3:53  Starport  
  27  3:56  Barracks x2  
  28  4:07  Marine x2  
  34  4:25  Marine x2, Refinery x2  
  38  4:43  Marine x2, Terran Infantry Armor Level 1, Terran Infantry Weapons Level 1  
  42  4:48  Barracks Tech Lab  
  42  4:49  Barracks Reactor  
  44  5:03  Supply Depot  
  45  5:07  Stimpack  
  46  5:16  Medivac x2  
  46  5:19  Supply Depot  
  51  5:26  Supply Depot  
  53  5:31  Marine x4  
  53  5:32  Marauder  
  60  5:42  Barracks x2  
  60  5:56  Armory  
  60  5:57  Medivac x2  
  69  6:06  Marauder  
  75  6:28  Marauder  
  79  6:32  Medivac x2  
  87  6:48  Terran Infantry Weapons Level 2  
  87  6:49  Terran Infantry Armor Level 2  
  91  7:13  Combat Shields  
  112  7:59  Medivac x2  
Spawning Tool Build Advisor. Get it on Overwolf

Go to:

Details

  • Created by: Allyosn
  • Published on: May 05, 2018
  • Modified on: May 05, 2018
  • Patch: 4.0.0
Show
View Real Time Build Order
Export as new Build Order

Comments (0)

There are no comments. Be the first!

Create an account to comment!